[Event "FIDE Womens Grand Swiss 2021"]
[Site "Riga"]
[Date "2021.11.06"]
[Round "10.11"]
[White "Cramling, Pia"]
[Black "Zawadzka, Jolanta"]
[Result "1/2-1/2"]
[ECO "E07"]
[WhiteElo "2447"]
[BlackElo "2428"]
[Annotator "NA"]
[PlyCount "62"]
[EventDate "2021.10.27"]
[EventType "swiss"]
[EventCountry "LAT"]
[Tiebreak "Cut1 Buchholz+Sonneborn-Berger (Swiss)"]
[SourceTitle "playchess.com"]
[Source "ChessBase"]
[SourceQuality "1"]
[TimeControl "40/6000+30:20/3000+30:900+30"]

1. d4 d5 2. c4 e6 3. Nf3 Nf6 4. g3 Be7 5. Bg2 O-O 6. O-O c6 7. Nc3 Nbd7 8.
Qd3 b6 9. cxd5 cxd5 10. Bf4 Bb7 11. Nb5 Ne4 12. Rfc1 a6 13.
Nc3 Rc8 14. Ne5 Nxe5 15. Bxe5 f6 16. Bf4 g5 17. Nxe4 gxf4 18.
Nd2 Qd6 19. gxf4 Qxf4 20. Qg3+ Qxg3 21. hxg3 Kf7 22. e3 a5 23. Bf1 Rxc1 24. Rxc1 Rc8 25. Rxc8 Bxc8 26. Bd3 h6 27. f4 e5 28. fxe5 fxe5 29. dxe5 Bg4 30. Kf2 Ke6 31. Nf3 Bxf3 1/2-1/2

[Event "FIDE Womens Grand Swiss 2021"]
[Site "Riga"]
[Date "2021.11.06"]
[Round "10.12"]
[White "Garifullina, Leya"]
[Black "Badelka, Olga"]
[Result "0-1"]
[ECO "C63"]
[WhiteElo "2409"]
[BlackElo "2438"]
[Annotator "NA"]
[PlyCount "72"]
[EventDate "2021.10.27"]
[EventType "swiss"]
[EventCountry "LAT"]
[Tiebreak "Cut1 Buchholz+Sonneborn-Berger (Swiss)"]
[SourceTitle "playchess.com"]
[Source "ChessBase"]
[SourceQuality "1"]
[TimeControl "40/6000+30:20/3000+30:900+30"]

1. e4 e5 2. Nf3 Nc6 3. Bb5 f5 4. d3 fxe4 5. dxe4 Nf6 6. Nc3 Bb4 7. Qd3 d6 8. Bg5 h6 9. Bd2 Be6 10. Nh4 Bxc3 11. Bxc3 O-O 12. Ng6 Re8 13. O-O Kh7 14. Nh4 g5 15. Nf5 Bxf5 16. exf5 a6 17. Ba4 d5 18. Rfe1 Qd6 19. Rad1 b5 20. Bb3 Rad8 21. h4 gxh4 22. Qh3 Rg8 23.
Qxh4 Rg4 24. Qh3 Rdg8 25. g3 R8g5 26. Qg2 d4 27. Be6 e4 28.
Kh2 Qc5 29. Bd2 Rh5+ 30. Kg1 Ne5 31. b4 Qc6 32. Kf1 Nf3 33.
Bc1 Rh2 34. Qxh2 Nxh2+ 35. Kg2 e3+ 36. Kxh2 Qf3 0-1

[Event "FIDE Womens Grand Swiss 2021"]
[Site "Riga"]
[Date "2021.11.06"]
[Round "10.13"]
[White "Buksa, Nataliya"]
[Black "Vantika Agrawal"]
[Result "0-1"]
[ECO "B90"]
[WhiteElo "2409"]
[BlackElo "2322"]
[Annotator "NA"]
[PlyCount "104"]
[EventDate "2021.10.27"]
[EventType "swiss"]
[EventCountry "LAT"]
[Tiebreak "Cut1 Buchholz+Sonneborn-Berger (Swiss)"]
[SourceTitle "playchess.com"]
[Source "ChessBase"]
[SourceQuality "1"]
[TimeControl "40/6000+30:20/3000+30:900+30"]

1. e4 c5 2. Nf3 d6 3. d4 cxd4 4. Nxd4 Nf6 5. Nc3 a6 6. h3 e5 7. Nde2 h5 8. g3 Be7 9. Bg2 b5 10. Nd5 Nxd5 11. Qxd5 Ra7 12. Be3 Rb7 13. g4 h4 14. Qd2 Nd7 15. O-O O-O 16. Rad1 Rc7 17. f4 exf4 18. Nxf4 Bb7 19. c3 Rc8 20. Nh5 g6 21. Nf4 Ne5 22. b3 Qc7 23.
Ne2 Rfe8 24. Rf2 Bc6 25. Rdf1 Qb7 26. Bd4 Bf8 27. Qf4 Bg7 28. Nc1 Re7 29. b4 d5 30. exd5 Bxd5 31. Bxd5 Qxd5 32. g5 Nd7 33. Bxg7 Kxg7 34. Ne2 Rc4 35. Nd4 Rxc3 36. Qxh4 Kg8 37. Ne2 Rc4 38. Nf4 Qd4 39. Qh6 Rc3 40. Kh2 Ree3 41. Ng2 Qd6+ 42. Rf4 Re2 43. Kh1 Rcc2 44. Rg4 Rxg2 45. Rxg2 Qd5 46. Rfg1 Ne5 47. a3 Qe4 48. Qh4 Qxh4 49. Rxc2 Qxh3+ 50. Rh2 Qf3+ 51. Rgg2 Ng4 52. Rh4 Ne3 0-1

[Event "FIDE Womens Grand Swiss 2021"]
[Site "Riga"]
[Date "2021.11.06"]
[Round "10.14"]
[White "Melia, Salome"]
[Black "Atalik, Ekaterina"]
[Result "1/2-1/2"]
[ECO "B12"]
[WhiteElo "2371"]
[BlackElo "2420"]
[Annotator "NA"]
[PlyCount "74"]
[EventDate "2021.10.27"]
[EventType "swiss"]
[EventCountry "LAT"]
[Tiebreak "Cut1 Buchholz+Sonneborn-Berger (Swiss)"]
[SourceTitle "playchess.com"]
[Source "ChessBase"]
[SourceQuality "1"]
[TimeControl "40/6000+30:20/3000+30:900+30"]

1. e4 c6 2. d4 d5 3. e5 c5 4. dxc5 e6 5. a3 Nc6 6. Nf3 Bxc5 7. b4 Bb6 8.
Bb2 Nge7 9. Bd3 Ng6 10. O-O O-O 11. Re1 Bc7 12. b5 Nb8 13.
Nbd2 Nd7 14. g3 Nc5 15. Bf1 b6 16. a4 Bb7 17. h4 h6 18. h5 Ne7 19. Nd4 Nf5 20. Bh3 Nxd4 21. Bxd4 a6 22. f4 axb5 23. axb5 Rxa1 24. Qxa1 Qd7 25. Bf1 Ra8 26. Qb2 Bd8 27. Ra1 Qc8 28. Rxa8 Qxa8 29. Qa1 Qxa1 30. Bxa1 Be7 31. Bd4 Na4 32. Nb3 Bb4 33. Kf2 Kf8 34. g4 Bc8 35. Ke3 Bd7 36. c4 dxc4 37. Bxc4 Nc3 1/2-1/2

[Event "FIDE Womens Grand Swiss 2021"]
[Site "Riga"]
[Date "2021.11.06"]
[Round "10.15"]
[White "Arabidze, Meri"]
[Black "Sukandar, Irine Kharisma"]
[Result "0-1"]
[ECO "D35"]
[WhiteElo "2441"]
[BlackElo "2406"]
[Annotator "NA"]
[PlyCount "82"]
[EventDate "2021.10.27"]
[EventType "swiss"]
[EventCountry "LAT"]
[Tiebreak "Cut1 Buchholz+Sonneborn-Berger (Swiss)"]
[SourceTitle "playchess.com"]
[Source "ChessBase"]
[SourceQuality "1"]
[TimeControl "40/6000+30:20/3000+30:900+30"]

1. d4 d5 2. c4 e6 3. Nc3 Nf6 4. cxd5 exd5 5. Bg5 Be7 6. e3 c6 7. Bd3 Nbd7 8. Qc2 g6 9. Nf3 Nh5 10. Bxe7 Qxe7 11. O-O O-O 12. Rab1 Nb6 13. Rfe1 Be6 14. b3 Rfe8 15. Nd2 Rac8 16. Qb2 Qf6 17. a4 Bf5 18. Bxf5 Qxf5 19. a5 Nd7 20. b4 Re7 21. Rec1 Rce8 22. Nf3 a6 23. Na4 g5 24. Nc5 g4 25. Ne1 Nf8 26. Qc2 Qg5 27. Ned3 Ng6 28.
g3 Ng7 29. Qa2 h5 30. b5 cxb5 31. Nb4 Rd8 32. Ncd3 Ne6 33. Nf4 Ngxf4 34. exf4 Qg7 35. Re1 Red7 36. Re5 Nxd4 37. Kg2 Nf3 38. Rxh5 Qg6 39. Nxd5 Rxd5 40. Rxd5 Rxd5 41. h3 Qe4 0-1

[Event "FIDE Womens Grand Swiss 2021"]
[Site "Riga"]
[Date "2021.11.06"]
[Round "10.16"]
[White "Sargsyan, Anna M."]
[Black "Abdumalik, Zhansaya"]
[Result "1/2-1/2"]
[ECO "B45"]
[WhiteElo "2402"]
[BlackElo "2507"]
[Annotator "ChessBase"]
[PlyCount "94"]
[EventDate "2021.10.27"]
[EventType "swiss"]
[EventCountry "LAT"]
[Tiebreak "Cut1 Buchholz+Sonneborn-Berger (Swiss)"]
[SourceTitle "playchess.com"]
[Source "ChessBase"]
[SourceQuality "1"]
[TimeControl "40/6000+30:20/3000+30:900+30"]

1. e4 c5 2. Nf3 e6 3. d4 cxd4 4. Nxd4 Nc6 5. Nc3 Nf6 6. Nxc6 bxc6 7. e5 Nd5 8. Ne4 Qc7 9. f4 Rb8 10. c4 Bb4+ 11. Kf2 O-O 12. cxd5 cxd5 13. Ng5 f6 14. exf6 Bc5+ 15. Kg3 Rxf6 16. Qc2 g6 17. Nf3 Rb4 18. Kh3 e5 19. g3 e4 20. Be2 Rc6 21. Qd1 d6+ 22. Kg2 exf3+ 23. Bxf3 Rd4 24. Qb3 Bb6 25. Re1 Rc2+ 26. Kh1 Bf5 27. Be3 Rd3 28. Bxb6 axb6 29. Qb5 Qc6 30. Qxc6 Rxc6 31. Re3 Rd2 32. Re2 Rxe2 33. Bxd5+ Kf8 34. Bxc6 Rxb2 35. a4 Rc2 36. Bf3 Rf2 37. Bc6 Bh3 38. Kg1 Rc2 39. Bf3 Bf5 40. a5 bxa5 41. Rxa5 Rc7 42. g4 Bd7 43. Kf2 Ke7 44. Kg3 Rc3 45. Kf2 Rc7 46. Kg3 Be6 47. h4 Bf7 1/2-1/2

[Event "FIDE Womens Grand Swiss 2021"]
[Site "Riga"]
[Date "2021.11.06"]
[Round "10.17"]
[White "Maltsevskaya, Aleksandra"]
[Black "Kamalidenova, Meruert"]
[Result "0-1"]
[ECO "B67"]
[WhiteElo "2411"]
[BlackElo "2339"]
[Annotator "NA"]
[PlyCount "102"]
[EventDate "2021.10.27"]
[EventType "swiss"]
[EventCountry "LAT"]
[Tiebreak "Cut1 Buchholz+Sonneborn-Berger (Swiss)"]
[SourceTitle "playchess.com"]
[Source "ChessBase"]
[SourceQuality "1"]
[TimeControl "40/6000+30:20/3000+30:900+30"]

1. e4 c5 2. Nf3 d6 3. d4 cxd4 4. Nxd4 Nf6 $11 5. Nc3 Nc6 6. Bg5 e6 7. Qd2 a6 8. O-O-O Bd7 9. f3 b5 10. Kb1 Be7 11. h4 Rc8 12. Nxc6 Bxc6 13. Ne2 Qc7 14. Bxf6 gxf6 15. Nd4 Bd7 16. g4 h6 17. Bd3 Qb6 18.
Ne2 b4 19. Rdg1 a5 20. g5 hxg5 21. hxg5 Rg8 22. g6 fxg6 23. Qh6 Bf8 24. Qh4 g5 25. Qh5+ Ke7 26. Nf4 Be8 27. Qg4 Bf7 28. Nd5+ exd5 29. exd5 Rc7 30. Qf5 Qd4 31. Bb5 Kd8 32. Re1 Be7 33. Bc6 a4 34. Rd1 Qc5 35. Qh7 Rf8 36. Qg7 Bxd5 37. Bxd5 Qxc2+ 38. Ka1 a3 39. Rb1 Qd2 40. Be4 f5 41. Rh8 axb2+ 42. Rxb2 Qe1+ 43. Bb1 Rxh8 44. Qxh8+ Kd7 45. Qd4 Qe6 46. Qg7 Qf6 47. Qh7 Rc1 48. Qh2 Qd4 49. Qe2 Bf6 50. Qb5+ Ke7 51. Qb7+ Kf8 0-1

[Event "FIDE Womens Grand Swiss 2021"]
[Site "Riga"]
[Date "2021.11.06"]
[Round "10.18"]
[White "Socko, Monika"]
[Black "Milliet, Sophie"]
[Result "1-0"]
[ECO "A70"]
[WhiteElo "2397"]
[BlackElo "2410"]
[Annotator "NA"]
[PlyCount "113"]
[EventDate "2021.10.27"]
[EventType "swiss"]
[EventCountry "LAT"]
[Tiebreak "Cut1 Buchholz+Sonneborn-Berger (Swiss)"]
[SourceTitle "playchess.com"]
[Source "ChessBase"]
[SourceQuality "1"]
[TimeControl "40/6000+30:20/3000+30:900+30"]

1. d4 Nf6 2. c4 e6 3. Nf3 c5 4. d5 d6
$16 5. Nc3 exd5 6. cxd5 g6 7. h3 Bg7 8. e4 O-O 9. Bd3 b5 10. Nxb5 Re8 11. O-O Nxe4 12. Bxe4 Rxe4 13. Nc3 Re7 14. Bg5 f6 15. Bf4 Rb7 16. Re1 Na6 17. Ne4 Bf8 18. Nfd2 Rb4 19. a3 Rd4 20. Be3 Rxd5 21. Qf3 Rf5 22. Nxf6+ Rxf6 23. Qxa8 Rf7 24. Ne4 Nc7 25. Bg5 Qd7 26. Qb8 Ne8 27. Rad1 Qc6 28. Qb3 Bb7 29. Qg3 d5 30. Nc3 Nc7 31. Bf4 Ne6 32. Be5 d4 33. Ne4 Be7 34. f3 Ng7 35. Bxg7 Kxg7 36. Qe5+ Kg8 37. Ng5 Bf6 38. Qe8+ Rf8 39. Qxc6 Bxc6 40. Ne6 Rc8 41. Nxc5 Bxf3 42. Rc1 Bd5 43. Nd7 Rxc1 44. Nxf6+ Kf7 45. Rxc1 Kxf6 46. Rc7 h5 47. Rxa7 d3 48. Kf2 d2 49. Ke2 h4 50. Ra6+ Kf7 51. Kxd2 Bxg2 52. Ra4 g5 53. Rg4 Bxh3 54. Rxg5 Be6 55. Ke3 h3 56. Kf4 Kf6 57. Rh5 1-0

[Event "FIDE Womens Grand Swiss 2021"]
[Site "Riga"]
[Date "2021.11.06"]
[Round "10.19"]
[White "Cyfka, Karina"]
[Black "Houska, Jovanka"]
[Result "1/2-1/2"]
[ECO "B11"]
[WhiteElo "2409"]
[BlackElo "2381"]
[Annotator "NA"]
[PlyCount "63"]
[EventDate "2021.10.27"]
[EventType "swiss"]
[EventCountry "LAT"]
[Tiebreak "Cut1 Buchholz+Sonneborn-Berger (Swiss)"]
[SourceTitle "playchess.com"]
[Source "ChessBase"]
[SourceQuality "1"]
[TimeControl "40/6000+30:20/3000+30:900+30"]

1. e4 c6 2. Nf3 d5 3. Nc3 dxe4 4. Nxe4 Nf6 5. Qe2 Nxe4 6. Qxe4 Nd7 7. Bc4 Nf6 8. Ne5 e6 9. Qe2 b5 10. Bb3 Qc7 11. d4 Bd6 12. Bf4 O-O 13.
O-O a5 14. c3 c5 15. dxc5 Qxc5 16. Rfe1 a4 17. Bc2 Bb7 18. a3 Rad8 19. Rad1 Bb8 20. Rd3 Rxd3 21. Qxd3 Qd5 22. Qxd5 Nxd5 23. Bc1 Rd8 24. Nd3 Nb6 25. Nc5 Bd5 26. Nd3 Bd6 27. Nf4 Bxf4 28. Bxf4 Nc4 29. Bc1 Kf8 30. f3 h6 31. Kf2 Ke7 32. Rd1 1/2-1/2

[Event "FIDE Womens Grand Swiss 2021"]
[Site "Riga"]
[Date "2021.11.06"]
[Round "10.20"]
[White "Bivol, Alina"]
[Black "Gunina, Valentina"]
[Result "1/2-1/2"]
[ECO "B14"]
[WhiteElo "2392"]
[BlackElo "2462"]
[Annotator "ChessBase"]
[PlyCount "127"]
[EventDate "2021.10.27"]
[EventType "swiss"]
[EventCountry "LAT"]
[Tiebreak "Cut1 Buchholz+Sonneborn-Berger (Swiss)"]
[SourceTitle "playchess.com"]
[Source "ChessBase"]
[SourceQuality "1"]
[TimeControl "40/6000+30:20/3000+30:900+30"]

1. e4 c6 2. d4 d5 3. exd5 cxd5 4. c4 Nf6 5. Nc3 g6 6. cxd5 Bg7 7. Qb3 O-O 8. Bf4 e6 9. Nf3 exd5 10. Be2 Nc6 11. O-O Ne4 12. Rad1 Na5 13.
Qa3 Bg4 14. h3 Bf5 15. Nb5 Nc4 16. Bxc4 dxc4 17. d5 Qd7 18. Nc7 Rac8 19. d6 c3 20. bxc3 Nxc3 21. Rde1 Rfd8 22. Re7 Qa4 23. Qxa4 Nxa4 24. Rfe1 Nc5 25. Bg3 Nd3 26. R1e2 Nc1 27. R2e3 Nxa2 28. Ng5 Rf8 29. Ne4 Nb4 30. Bh4 Nc6 31. Nd5 Bd4 32. Re1 Kg7 33. Rxb7 Be5 34. Bf6+ Bxf6 35. Nexf6 Rcd8 36. g4 Bc8 37. Rc7 Rxd6 38. Ne8+ Rxe8 39. Rxe8 Bd7 40. Rxd7 Rxd7 41. Ne3 Nd4 42. Kg2 Ne6 43. Ra8 Kf6 44. h4 h6 45. Kf3 Nd4+ 46. Kg2 Nc6 47. Rc8 Ne7 48. Ra8 h5 49. f3 Ke5 50.
Re8 hxg4 51. fxg4 Kf4 52. Nc4 Rc7 53. h5 gxh5 54. gxh5 Nf5 55. Ne5 Rc2+ 56. Kg1 f6 57. Nd3+ Kg4 58. Rg8+ Kh4 59. Rg6 Rc3 60. h6 Nxh6 61. Rxh6+ Kg5 62. Rh3 Rc2 63. Nf2 Ra2 64. Kg2 1/2-1/2

[Event "FIDE Womens Grand Swiss 2021"]
[Site "Riga"]
[Date "2021.11.06"]
[Round "10.21"]
[White "Danielian, Elina"]
[Black "Padmini, Rout"]
[Result "1/2-1/2"]
[ECO "A37"]
[WhiteElo "2450"]
[BlackElo "2380"]
[Annotator "ChessBase"]
[PlyCount "119"]
[EventDate "2021.10.27"]
[EventType "swiss"]
[EventCountry "LAT"]
[Tiebreak "Cut1 Buchholz+Sonneborn-Berger (Swiss)"]
[SourceTitle "playchess.com"]
[Source "ChessBase"]
[SourceQuality "1"]
[TimeControl "40/6000+30:20/3000+30:900+30"]

1. Nf3 c5 2. g3 Nc6 3. Bg2 g6 4. O-O Bg7 5. c4 e5 6. Nc3 Nge7 7. Ne1 O-O 8. Nc2 d6 9. d3 Be6 10. Ne3 Qd7 11. Ned5 Bh3 12. Rb1 Bxg2 13. Kxg2 Nxd5 14. cxd5 Nd4 15. Bd2 f5 16. e3 Nb5 17. Ne2 Nc7 18. e4 Nb5 19. b4 b6 20. bxc5 bxc5 21. Qa4 a6 22. Nc3 fxe4 23. Qxe4 Rab8 24. h3 Nd4 25. Be3 Nb5 26. Bd2 Qf7 27. Nd1 Nc7 28. Rxb8 Rxb8 29. Ne3 Bh6 30. Ba5 Ne8 31. Ng4 Bg7 32. Qc4 h5 33. Ne3 Bh6 34. f4 exf4 35. gxf4 Rb2+ 36. Kg1 Qe7 37. Rf3 Bg7 38. Bc3 Rb1+ 39. Kg2 Rc1 40. Bf6 Rxc4 41. Bxe7 Ra4 42. Nc4 Rxa2+ 43. Kf1 Ra1+ 44. Kg2 Bf8 45. Bxf8 Kxf8 46. f5 Kf7 47. fxg6+ Kxg6 48. Rf8 Re1 49. Rf2 Nc7 50. Nxd6 Nxd5 51. Ne4 Rc1 52. Rf8 h4 53. Rd8 Nf4+ 54. Kf3 Rf1+ 55. Ke3 Nxh3 56. Rg8+ Kh5 57. Rh8+ Kg4 58. Rg8+ Kh5 59. Rh8+ Kg4 60. Rg8+ 1/2-1/2

[Event "FIDE Womens Grand Swiss 2021"]
[Site "Riga"]
[Date "2021.11.06"]
[Round "10.22"]
[White "Rogule, Laura"]
[Black "Arakhamia-Grant, Ketevan"]
[Result "1/2-1/2"]
[ECO "E69"]
[WhiteElo "2289"]
[BlackElo "2376"]
[Annotator "NA"]
[PlyCount "106"]
[EventDate "2021.10.27"]
[EventType "swiss"]
[EventCountry "LAT"]
[Tiebreak "Cut1 Buchholz+Sonneborn-Berger (Swiss)"]
[SourceTitle "playchess.com"]
[Source "ChessBase"]
[SourceQuality "1"]
[TimeControl "40/6000+30:20/3000+30:900+30"]

1. d4 Nf6 2. c4 g6 3. g3 Bg7 4. Bg2 O-O 5. Nc3 d6 6. Nf3 Nbd7 7. O-O e5 8. e4 c6 9. h3 Re8 10. Be3 a6 11. d5 cxd5 12. cxd5 b5 13. Nd2 Rf8 14. b4 Ne8 15.
f3 f5 16. Bf2 Bh6 17. Nb3 Qc7 18. Qd3 Nb6 19. Na5 Bd7 20. Nc6 Nf6 21. a4 fxe4 22. fxe4 Nxa4 23. Nxa4 bxa4 24. Qc4 Qb7 25. Rxa4 Nh5 26. Kh2 Kg7 27. Qe2 Bxc6 28. dxc6 Qxc6 29. Rfa1 Rac8 30. Rxa6 Qc2 31. R1a2 Qxe2 32. Rxe2 Rb8 33. Rb2 Bc1 34. Rc2 Rxb4 35. Rxd6 Rb2 36. Rxb2 Bxb2 37. Bc5 Rc8 38. Rd7+ Kg8 39. Be3 Rc3 40. Bf2 Rc2 41. Be3 Bc3 42. Bh6 Be1 43. Rd3 Kf7 44. h4 Nf6 45. Kh3 Rc4 46. Bg5 Ke6 47.
Bxf6 Kxf6 48. Rd1 Bb4 49. Rd3 Bc5 50. Rf3+ Ke6 51. Rd3 Rc2 52. Bf3 Bd4 53. Bd1 Rc3 1/2-1/2

[Event "FIDE Womens Grand Swiss 2021"]
[Site "Riga"]
[Date "2021.11.06"]
[Round "10.23"]
[White "Hoang, Thanh Trang"]
[Black "Golsta, Madara"]
[Result "1-0"]
[ECO "A48"]
[WhiteElo "2380"]
[BlackElo "2003"]
[Annotator "NA"]
[PlyCount "73"]
[EventDate "2021.10.27"]
[EventType "swiss"]
[EventCountry "LAT"]
[Tiebreak "Cut1 Buchholz+Sonneborn-Berger (Swiss)"]
[SourceTitle "playchess.com"]
[Source "ChessBase"]
[SourceQuality "1"]
[TimeControl "40/6000+30:20/3000+30:900+30"]

1. d4 Nf6 2. Nf3 g6 3. Bf4 Bg7 4. e3 d6 5. h3 O-O 6. c3 Nbd7 7. Be2 c5 8. O-O b6 9. a4 Bb7 10. Nbd2 a6 11. Bh2 Ra7 12. Qb3 Qa8 13.
Rfd1 Ne4 14. Nxe4 Bxe4 15. Ne1 Bh6 16. d5 Nf6 17. c4 b5 18.
axb5 axb5 19. Rxa7 Qxa7 20. cxb5 Rb8 21. Bc4 Bf5 22. Nc2 Ne8 23. Na3 Nc7 24. e4 Bd7 25. e5 Rb6 26. Qf3 Qb8 27. Qe2 Bf8 28.
e6 fxe6 29. dxe6 Bxb5 30. Bxd6 Bxc4 31. Nxc4 Rxd6 32. Nxd6 exd6 33. e7 d5 34. Rxd5 Bxe7 35. Rd7 Bf8 36. Qc4+ Kh8 37. Qf7 1-0

[Event "FIDE Womens Grand Swiss 2021"]
[Site "Riga"]
[Date "2021.11.06"]
[Round "10.24"]
[White "Lujan, Carolina"]
[Black "Eizaguerri Floris, Maria"]
[Result "1-0"]
[ECO "B46"]
[WhiteElo "2340"]
[BlackElo "2328"]
[Annotator "NA"]
[PlyCount "77"]
[EventDate "2021.10.27"]
[EventType "swiss"]
[EventCountry "LAT"]
[Tiebreak "Cut1 Buchholz+Sonneborn-Berger (Swiss)"]
[SourceTitle "playchess.com"]
[Source "ChessBase"]
[SourceQuality "1"]
[TimeControl "40/6000+30:20/3000+30:900+30"]

1. e4 c5 2. Nf3 e6 3. d4 cxd4 4. Nxd4 Nc6 5. Nc3 a6 6. Nxc6 bxc6 7. Qf3 d5 8. Qg3 Nf6 9. Be2 d4 10. e5 Nd7 11. Ne4 Qa5+ 12. c3 dxc3 13.
Nxc3 Qxe5 14. Bf4 Qa5 15. Bc7 Qb4 16. O-O h5 17. a3 h4 18. Qf3 Qb7 19. Bf4 Be7 20. Ne4 O-O 21. Rfd1 e5 22. Bd2 Nf6 23. Bc3 Qc7 24. Bc4 Bb7 25. Qf5 Nxe4 26. Bxe5 Bd6 27. Rxd6 Nxd6 28. Qg6 Ne8 29. Bxc7 Nxc7 30. Qh5 Rad8 31. Qxh4 Rd7 32. Re1 c5 33. Qh5 Nd5 34. h3 Nf4 35. Qf5 Ne6 36. Bxe6 fxe6 37. Qxe6+ Rdf7 38. Re5 Bc8 39. Qc4 1-0

[Event "FIDE Womens Grand Swiss 2021"]
[Site "Riga"]
[Date "2021.11.06"]
[Round "10.25"]
[White "Divya Deshmukh"]
[Black "February, Jesse Nikki"]
[Result "1-0"]
[ECO "C02"]
[WhiteElo "2305"]
[BlackElo "1857"]
[Annotator "NA"]
[PlyCount "67"]
[EventDate "2021.10.27"]
[EventType "swiss"]
[EventCountry "LAT"]
[Tiebreak "Cut1 Buchholz+Sonneborn-Berger (Swiss)"]
[SourceTitle "playchess.com"]
[Source "ChessBase"]
[SourceQuality "1"]
[TimeControl "40/6000+30:20/3000+30:900+30"]

1. e4 e6 2. d4 d5 3. e5 c5 4. c3 Nc6 5. Nf3 Qb6 6. Bd3 Bd7 7. O-O f5 8.
Nbd2 cxd4 9. Nb3 dxc3 10. bxc3 Nh6 11. Bxh6 gxh6 12. c4 Nb4 13. cxd5 Nxd3 14. Qxd3 Bb5 15. Qc2 Bxf1 16. Rxf1 exd5 17. Nbd4 Be7 18. Rb1 Qc5 19. Qxf5 b6 20. Ne6 Qc4 21. Ng7+ Kd8 22. Nd4 Bg5 23. Nde6+ Ke7 24. Nxg5 hxg5 25. Qxg5+ Kd7 26. e6+ Kd6 27. Nf5+ Kxe6 28. Re1+ Kd7 29. Qe7+ Kc6 30. Re6+ Kb5 31. Nd6+ Ka6 32. Qb7+ Ka5 33. Nxc4+ dxc4 34. Re5+ 1-0

[Event "FIDE Womens Grand Swiss 2021"]
[Site "Riga"]
[Date "2021.11.07"]
[Round "11.1"]
[White "Zhu, Jiner"]
[Black "Lei, Tingjie"]
[Result "1/2-1/2"]
[ECO "C78"]
[WhiteElo "2455"]
[BlackElo "2505"]
[Annotator "RC"]
[PlyCount "107"]
[EventDate "2021.10.27"]
[EventType "swiss"]
[EventCountry "LAT"]
[Tiebreak "Cut1 Buchholz+Sonneborn-Berger (Swiss)"]
[SourceTitle "playchess.com"]
[Source "ChessBase"]
[SourceQuality "1"]
[TimeControl "40/6000+30:20/3000+30:900+30"]

1. e4 e5 2. Nf3 Nc6 3. Bb5 a6 4. Ba4 Nf6 5. O-O Bc5 6. c3 b5 7. Bc2 d5 8. d4 dxe4 9. Nbd2 exf3 10. Qxf3 Bd6 11. Qxc6+ Bd7 12. Qf3 exd4 13. Ne4 Nxe4 14. Qxe4+ Be6 15. Bg5 Qc8 16. cxd4 h6 17. Bd2 c6 18. Rac1 Qd7 19. Rfe1 Kf8 20. Bb3 Bxb3 21. axb3 Re8 22. Qxc6 Rxe1+ 23. Bxe1 Qxc6 24. Rxc6 Ke7 25. f3 Kd7 26. d5 Rc8 27. Rxc8 Kxc8 28. Bc3 g6 29. g3 Kd7 30. Kg2 Bc7 31. f4 Bd8 32. Be5 f6 33. Bc3 Kd6 34. f5 g5 35. Kf3 Kxd5 36. Kg4 Ke4 37. b4 Be7 38. h4 Bd8 39. Kh5 Kxf5 40. Kxh6 gxh4 41. gxh4 Kg4 42. h5 f5 43. Kg6 Bg5 44. h6 Bxh6 45. Kxh6 f4 46. Kg6 f3 47. Be1 Kf4 48.
Kf6 Ke3 49. Ke5 f2 50. Bxf2+ Kxf2 51. Kd4 Ke2 52. Kc5 Kd3 53. Kb6 Kc4 54. Kxa6 1/2-1/2

[Event "FIDE Womens Grand Swiss 2021"]
[Site "Riga"]
[Date "2021.11.07"]
[Round "11.2"]
[White "Muzychuk, Mariya"]
[Black "Harika, Dronavalli"]
[Result "1/2-1/2"]
[ECO "C47"]
[WhiteElo "2536"]
[BlackElo "2511"]
[Annotator "RC"]
[PlyCount "62"]
[EventDate "2021.10.27"]
[EventType "swiss"]
[EventCountry "LAT"]
[Tiebreak "Cut1 Buchholz+Sonneborn-Berger (Swiss)"]
[SourceTitle "playchess.com"]
[Source "ChessBase"]
[SourceQuality "1"]
[TimeControl "40/6000+30:20/3000+30:900+30"]

1. e4 e5 2. Nf3 Nc6 3. Nc3 Nf6 4. d4 exd4 5. Nxd4 Bb4 6.
Nxc6 bxc6 7. Bd3 d5 8. exd5 O-O 9. O-O Bg4 10. Ne2 cxd5 11.
c4 Re8 12. Qc2 h6 13. h3 dxc4 14. Bxc4 Be6 15. Bxe6 Rxe6 16. Bf4 Qe8 17. Nc3 Qc6 18. Rac1 Bxc3 19. Qxc3 Qxc3 20. Rxc3 Nd5 21. Rc4 Nxf4 22. Rxf4 Rae8 23. Rc4 Re2 24. Rxc7 Rxb2 25. Rxa7 Ree2 26. a4 Ra2 27. a5 g6 28. h4 Re5 29. a6 Rea5 30. g3 Rxa6 31. Rxa6 Rxa6 1/2-1/2

[Event "FIDE Womens Grand Swiss 2021"]
[Site "Riga"]
[Date "2021.11.07"]
[Round "11.3"]
[White "Paehtz, Elisabeth"]
[Black "Assaubayeva, Bibisara"]
[Result "1-0"]
[ECO "D76"]
[WhiteElo "2475"]
[BlackElo "2400"]
[Annotator "RC"]
[PlyCount "65"]
[EventDate "2021.10.27"]
[EventType "swiss"]
[EventCountry "LAT"]
[Tiebreak "Cut1 Buchholz+Sonneborn-Berger (Swiss)"]
[SourceTitle "playchess.com"]
[Source "ChessBase"]
[SourceQuality "1"]
[TimeControl "40/6000+30:20/3000+30:900+30"]

1. d4 Nf6 2. Nf3 g6 3. c4 Bg7 4. g3 O-O 5. Bg2 d5 6. cxd5 Nxd5 7. O-O Nb6 8. Nc3 Nc6 9. e3 Re8 10. h3 a5 11. d5 Nb4 12. e4 c6 13. a3 Na6 14. dxc6 Qxd1 15. Rxd1 bxc6 16. Bf1 Nc5 17. Be3 Nba4 18. Nxa4 Nxa4 19. Rac1 Ba6 20. Bxa6 Rxa6 21. e5 Rc8 22. b3 Nb6 23. b4 axb4 24. axb4 Na4 25. b5 Raa8 26. bxc6 f6 27. Rd7 Kf7 28. exf6 Bxf6 29. Ng5+ Ke8 30. Nxh7 Rxc6 31. Rxe7+ Bxe7 32. Rxc6 Kf7 33.
Ng5+ 1-0

[Event "FIDE Womens Grand Swiss 2021"]
[Site "Riga"]
[Date "2021.11.07"]
[Round "11.4"]
[White "Badelka, Olga"]
[Black "Cori T., Deysi"]
[Result "1-0"]
[ECO "B08"]
[WhiteElo "2438"]
[BlackElo "2382"]
[Annotator "RC"]
[PlyCount "147"]
[EventDate "2021.10.27"]
[EventType "swiss"]
[EventCountry "LAT"]
[Tiebreak "Cut1 Buchholz+Sonneborn-Berger (Swiss)"]
[SourceTitle "playchess.com"]
[Source "ChessBase"]
[SourceQuality "1"]
[TimeControl "40/6000+30:20/3000+30:900+30"]

1. e4 d6 2. d4 Nf6 3. Nc3 g6 4. Nf3 Bg7 5. Be3 c6 6. Qd2 b5 7. Bd3 Ng4 8. Bf4 e5 9. dxe5 dxe5 10. Bg3 f6 11. a4 b4 12. Nd1 a5 13. Bc4 Ba6 14. Qxd8+ Kxd8 15. Bxa6 Nxa6 16. Nd2 h5 17. h4 Bh6 18. Nc4 Bf4 19. Rh3 Nc5 20.
f3 Ne6 21. Bxf4 Nxf4 22. fxg4 Nxh3 23. gxh3 hxg4 24. hxg4 Rxh4 25. Nf2 Kc7 26. Ke2 Rd8 27. Nxa5 Rh2 28. Nb3 Kb6 29. Rf1 f5 30. gxf5 gxf5 31. exf5 Rf8 32. Nd2 Rxf5 33. b3 Kc5 34. Nde4+ Kb6 35. Rg1 Rh7 36. Rg8 Ka7 37. Rg5 Rxg5 38. Nxg5 Rg7 39. Nf3 Kb6 40. Nxe5 Kc5 41. Nf3 Kd5 42. Nd3 Ke4 43. Nfe1 Kd4 44. Kd2 c5 45. Nb2 Rg8 46. Nc4 Rf8 47. Nd3 Rh8 48. Kc1 Kc3 49. Ne3 Rh1+ 50. Nd1+ Kd4 51. N3b2 Rg1 52. Nc4 Rh1 53. a5 Rg1 54. Kb2 Kd5 55. Nf2 Kc6 56. Ne4 Kb5 57. a6 Rg8 58. Ncd6+ Kb6 59. Nb7 c4 60. bxc4 Kxa6 61. Nbc5+ Ka5 62. Nd3 Rg2 63. Kb3 Rg1 64. c5 Ra1 65. Kc4 Ra4 66. Nd6 Ra2 67. Nxb4 Rb2 68. c3 Rd2 69. Nb7+ Ka4 70. c6 Rh2 71. c7 Rh4+ 72. Kc5 Rh5+ 73. Nd5 Rh8 74. Nd8 1-0